Map: Lerilak Crest

Players

GroDany

  • Race: Zerg Zerg
  • League: Bronze

SticklerMac - Winner!

  • Race: Zerg Zerg

VOD

Have the link to the VOD?

Description

Time

  • Played on: Aug. 6, 2015, 6:04 p.m.
  • Length: 7:57
Show
View Real Time Build Order
Export as new Build Order

GroDany Zerg 

Build Orders: Hatch First 

Get SALT Encoding   

  12  0:02  Drone  
  13  0:15  Overlord  
  13  0:17  Drone  
  14  0:40  Drone x2  
  16  0:48  Drone  
  17  0:59  Hatchery  
  17  1:03  Drone  
  17  1:07  Extractor  
  16  1:16  Spawning Pool  
  16  1:18  Drone  
  16  1:27  Drone  
  17  1:41  Drone x2  
  17  1:45  Overlord  
  19  2:00  Drone  
  20  2:03  Queen  
  22  2:14  Spine Crawler  
  21  2:18  Roach Warren  
  20  2:30  Queen  
  20  2:32  Drone x2  
  24  3:05  Drone x4  
  27  3:10  Lair  
  27  3:16  Overlord  
  27  3:17  Overlord  
  27  3:29  Spine Crawler  
  27  3:31  Spine Crawler  
  27  3:32  Drone  
  27  3:33  Drone  
  27  3:35  Roach  
  29  3:51  Roach x4  
  37  3:58  Drone  
  37  3:59  Drone  
  39  4:19  Evolution Chamber  
  39  4:21  Evolution Chamber  
  37  4:30  Roach  
  37  4:31  Roach x4  
  27  4:48  Drone  
  27  4:49  Drone  
  29  5:07  Queen  
  29  5:09  Drone x3  
  34  5:18  Drone x3  
  37  5:28  Zerg Missile Weapons Level 1  
  37  5:37  Drone x3  
  37  5:38  Drone  
  41  5:52  Roach  
  41  5:56  Overlord  
  43  6:01  Overlord  
  43  6:08  Extractor  
  43  6:09  Drone x2  
  44  6:17  Roach  
  44  6:18  Roach x3  
  52  6:22  Drone x4  
  56  6:30  Spore Crawler  
  56  6:32  Drone x3  
  52  6:45  Roach x4  
  31  7:03  Roach  
  31  7:04  Roach  
  31  7:22  Roach  
  33  7:23  Roach  
  35  7:30  Extractor  
Show
View Real Time Build Order
Export as new Build Order

SticklerMac Zerg - Winner!

Build Orders: Pool First 

Get SALT Encoding   

  12  0:01  Drone  
  13  0:22  Spawning Pool  
  13  0:26  Drone  
  13  0:31  Drone  
  13  0:35  Extractor  
  13  0:40  Drone  
  14  0:45  Overlord  
  14  1:09  Queen  
  16  1:31  Hatchery  
  15  1:35  Drone  
  16  1:44  Metabolic Boost  
  16  1:51  Drone  
  17  1:54  Drone  
  17  1:58  Drone  
  19  2:10  Drone  
  19  2:14  Zergling x2  
  21  2:19  Zergling x2  
  22  2:23  Overlord  
  22  2:32  Overlord  
  22  2:37  Overlord  
  22  2:45  Drone  
  23  2:53  Zergling x8  
  27  3:01  Baneling Nest  
  27  3:03  Zergling x2  
  27  3:11  Zergling x4  
  29  3:14  Zergling x2  
  29  3:17  Zergling x2  
  31  3:23  Zergling x4  
  33  3:27  Zergling x2  
  33  3:30  Drone  
  35  3:37  Zergling x4  
  37  3:43  Drone x2  
  39  3:55  Roach Warren  
  38  4:01  Zergling x4  
  39  4:23  Zergling x10  
  39  4:24  Zergling x4  
  43  4:29  Zergling x4  
  43  4:30  Zergling x2  
  42  4:35  Zergling x4  
  36  4:49  Roach x3  
  42  4:53  Roach  
  43  5:04  Roach x2  
  47  5:08  Roach  
  49  5:15  Queen  
  49  5:18  Overlord  
  51  5:21  Overlord  
  51  5:33  Overlord  
  51  5:38  Roach x2  
  51  5:39  Roach  
  57  5:43  Roach  
  57  5:47  Roach  
  61  5:51  Roach  
  63  5:58  Roach  
  63  5:59  Roach  
  63  6:01  Drone  
  68  6:04  Drone  
  68  6:06  Drone  
  70  6:24  Roach x3  
  72  6:42  Roach, Zergling x2  
  72  6:43  Zergling x2  
  72  6:44  Zergling x8  
  72  6:58  Zergling x2  
  72  6:59  Zergling x8  
  73  7:13  Zergling x6  
  70  7:25  Roach, Zergling x2  
  65  7:37  Roach  
Tags
 
Add a new tag
Caveats
  • Supply blocks, unpowered buildings, or Contaminate may cause inaccurate times.
  • Supply counts are checked every 10 seconds.